 Dungeon Crawl Stone Soup version 0.20.1-1-g8b1a95d (webtiles) character file.

191 arttle the Stinger (level 5, 31/31 HPs)
             Began as an Octopode Venom Mage on Oct 17, 2017.
             Quit the game on level 5 of the Dungeon.
             The game lasted 00:27:27 (3622 turns).

arttle the Stinger (Octopode Venom Mage)            Turns: 3622, Time: 00:27:27

Health: 31/31      AC:  1    Str:  7    XL:     5   Next: 70%
Magic:  10/10      EV: 13    Int: 19    God:
Gold:   109        SH:  0    Dex: 12    Spells: 4/10 levels left

rFire    . . .     SeeInvis .   t - +0 mace
rCold    . . .     Gourm    .   (no shield)
rNeg     . . .     Faith    .   (helmet restricted)
rPois    .         Spirit   .   (no amulet)
rElec    .         Reflect  .   (no ring)
rCorr    .         Harm     .   (no ring)
MR       .....                  (no ring)
Stlth    +++.......             (no ring)
Regen    0.1/turn               (no ring)
MPRegen  0.2/turn               (no ring)
                                (no ring)
                                (no ring)

@: no status effects
A: almost no armour, stealthy swim, amphibious, 8 rings, constrict 8, camouflage
1, gelatinous body 1
a: no special abilities


You were on level 5 of the Dungeon.
You were very hungry.

You visited 1 branch of the dungeon, and saw 5 of its levels.

You collected 109 gold pieces.

Inventory:

Hand Weapons
 t - a +0 mace (weapon)
Scrolls
 c - a scroll of magic mapping {unknown}
 e - 3 scrolls of identify
 g - 4 scrolls of amnesia {unknown}
 i - a scroll of remove curse {unknown}
 k - a scroll of recharging {unknown}
 l - a scroll of fear {unknown}
 n - a scroll of fog {unknown}
 q - a scroll of blinking {unknown}
 s - a scroll of teleportation {unknown}
Potions
 d - a potion of flight
 f - a potion of haste
 h - a potion of mutation {unknown}
 m - a potion of agility {unknown}
 p - a potion of brilliance {unknown}
 r - a potion of ambrosia {unknown}
Books
 a - a Young Poisoner's Handbook

   Spells                             Type                      Level
   a - Sting                          Conjuration/Poison           1
   b - Poisonous Vapours              Poison/Air                   2
   c - Mephitic Cloud                 Conjuration/Poison/Air       3
   d - Olgreb's Toxic Radiance        Poison                       4
   e - Venom Bolt                     Conjuration/Poison           5
Comestibles
 b - 4 bread rations
 j - 3 meat rations
 o - a fruit


   Skills:
 - Level 2.0 Dodging
 + Level 3.7 Stealth
 * Level 3.3 Spellcasting
 * Level 2.6 Conjurations
 + Level 0.4 Air Magic
 * Level 5.0 Poison Magic


You had 4 spell levels left.
You knew the following spells:

 Your Spells              Type           Power        Failure   Level  Hunger
a - Poisonous Vapours     Pois/Air       ##....       7%          2    ##.....
b - Mephitic Cloud        Conj/Pois/Air  ##......     14%         3    ###....
z - Sting                 Conj/Pois      ###.         3%          1    None


Dungeon Overview and Level Annotations

Branches:
Dungeon (5/15)
 Temple: D:4-7

Altars:
Elyvilon

Annotations:
D:4 dscm's ghost, amateur OpEE


Innate Abilities, Weirdness & Mutations

You cannot wear most types of armour.
You are very stealthy in the water. (Stealth+)
You are amphibious.
You can wear up to eight rings at the same time.
You can use your tentacles to constrict eight enemies at once.
Your skin changes colour to match your surroundings (Stealth+).
Your rubbery body absorbs attacks. (AC +1, EV +1)


Message History

You are feeling very hungry.
You start resting.
HP restored.
Found 11 gold pieces.
You see here a dagger.
A necrophage comes into view.
Casting: Poisonous Vapours
Confirm with . or Enter, or press ? or * to list all spells.
Aiming: Poisonous Vapours
Press: ? - help, Dir - move target cursor, f - necrophage
Aim: a necrophage (resting) But poisonous clouds would do no harm to the necrophage!
Casting: Poisonous Vapours
Confirm with . or Enter, or press ? or * to list all spells.
Aiming: Poisonous Vapours
Press: ? - help, Dir - move target cursor, f/p - necrophage
Aim: a necrophage (resting) But poisonous clouds would do no harm to the necrophage!
Unknown command.
Are you sure you want to abandon this character and quit the game? (Confirm with "yes".)

#...n....#
#.........
#.........
#.........
##.........
##.......$..
#...........
##.#.@...[...
#..#.........
###.#).......!.
#..............
#..<.#.........
#....#.........
#######........
##......#
######


You could see a necrophage (dormant).

Vanquished Creatures
  A bullfrog skeleton (D:4)
  An iguana (D:4)
  A worker ant (D:3)
  A hound skeleton (D:4)
  3 adders
  2 oozes (D:2)
  A worm (D:1)
  3 dart slugs
  A leopard gecko (D:1)
  An orc (D:3)
  6 giant cockroaches
  10 goblins
  2 hobgoblins (D:1)
  2 jackals (D:3)
  6 kobolds
  5 bats
  5 frilled lizards
  7 rats
58 creatures vanquished.

Vanquished Creatures (others)
  A plant (D:2)
1 creature vanquished.

Grand Total: 59 creatures vanquished

Notes
Turn   | Place    | Note
-------+----------+-------------------------------------------
     0 | D:1      | arttle the Octopode Venom Mage began the quest for the Orb.
     0 | D:1      | Reached XP level 1. HP: 11/11 MP: 3/3
    35 | D:1      | Reached skill level 4 in Poison Magic
   115 | D:1      | Reached XP level 2. HP: 11/17 MP: 3/5
   659 | D:1      | Reached XP level 3. HP: 21/21 MP: 1/6
  1273 | D:2      | Learned a level 2 spell: Poisonous Vapours
  1475 | D:2      | Reached XP level 4. HP: 27/27 MP: 1/8
  2204 | D:3      | Found a white marble altar of Elyvilon.
  2725 | D:3      | Reached XP level 5. HP: 31/31 MP: 4/9
  2730 | D:3      | Learned a level 3 spell: Mephitic Cloud
  3250 | D:4      | Reached skill level 5 in Poison Magic
  3369 | D:4      | Noticed dscm's ghost (amateur OpEE)
  3400 | D:5      | Entered Level 5 of the Dungeon
  3621 | D:5      | Noticed a necrophage
  3622 | D:5      | Quit the game

Skill      XL: |  1  2  3  4  5 |
---------------+----------------+-----
Poison Magic   | 4 5 |  5.0
Stealth        | 3 |  3.7
Conjurations   | 2 |  2.6
Spellcasting   | 3 |  3.3
Dodging        | |  2.0
Air Magic      | |  0.4

Action                   |  1- 3 |  4- 6 || total
-------------------------+-------+-------++-------
Melee: Unarmed           |    24 |    50 ||    74
       Constrict         |     6 |     5 ||    11
       Tentacles         |     3 |     6 ||     9
       Mace              |       |     4 ||     4
 Cast: Sting             |    75 |     3 ||    78
       Poisonous Vapours |     3 |    22 ||    25
  Use: Scroll            |       |     1 ||     1
       Potion            |       |     1 ||     1
 Stab: Sleeping          |       |     1 ||     1
  Eat: Chunk             |     1 |     3 ||     4
       Meat ration       |     1 |       ||     1
Armor: Skin              |     2 |     2 ||     4
Dodge: Dodged            |    15 |    40 ||    55
